 Dungeon Crawl Stone Soup version 0.28-a0-429-g1448048969 (webtiles) character file.

Game seed: 10155848461631660278

47 omnomnOMINOUS the Firebug (level 3, -2/23 HPs)
             Began as an Octopode Wanderer on Sept 12, 2021.
             Shot with a stone by a goblin (3 damage)
             ... on level 2 of the Dungeon.
             The game lasted 00:04:52 (1850 turns).

omnomnOMINOUS the Firebug (Octopode Wanderer)       Turns: 1850, Time: 00:04:52

Health: -2/23      AC:  1    Str: 12    XL:     3   Next: 70%
Magic:  0/5        EV: 12    Int: 14    God:
Gold:   65         SH:  0    Dex: 11    Spells: 3/4 levels left

rFire   . . .      SeeInvis .   a - +0 long sword
rCold   . . .      Faith    .   (no shield)
rNeg    . . .      Spirit   .   (helmet restricted)
rPois   .          Reflect  .   (no amulet)
rElec   .          Harm     .   (no ring)
rCorr   .          Rampage  .   (no ring)
Will    .....                   (no ring)
Stlth   +++.......              (no ring)
HPRegen 0.07/turn               (no ring)
MPRegen 0.09/turn               (no ring)
                                (no ring)
                                (no ring)

@: no status effects
A: almost no armour, amphibious, 8 rings, camouflage 1, gelatinous body 1,
(nimble swimmer 1), tentacles
a: no special abilities


You were on level 2 of the Dungeon.
You visited 1 branch of the dungeon, and saw 2 of its levels.

You collected 65 gold pieces.

Inventory:

Hand Weapons
 a - a +0 long sword (weapon)
Scrolls
 b - a scroll of fear {unknown}
 c - 2 scrolls of amnesia {unknown}
 g - 4 scrolls of teleportation
Potions
 d - a potion of mutation {unknown}
 e - a potion of curing {unknown}
 f - a potion of lignification {unknown}


   Skills:
 + Level 1.3 Fighting
 + Level 1.2 Dodging
 - Level 2.6 Stealth
 + Level 1.3 Spellcasting
 * Level 1.3 Conjurations
 - Level 2.0 Hexes
 - Level 1.0 Transmutations
 - Level 3.0 Fire Magic
 - Level 2.0 Ice Magic


You had 3 spell levels left.
You knew the following spells:

 Your Spells              Type           Power      Damage    Failure   Level
a - Foxfire               Conj/Fire      28%        2x1d5     11%         1

Your spell library contained the following spells:

 Spells                   Type           Power      Damage    Failure   Level
 Freeze                   Ice            24%        1d5       11%         1
 Scorch                   Fire           18%        2d6       11%         2
 Inner Flame              Hex/Fire       7%         N/A       26%         3
 Conjure Flame            Conj/Fire      7%         6-21      30%         3
 Frozen Ramparts          Ice            12%        1d3       32%         3
 Flame Wave               Conj/Fire      7%         3d4       71%         4


Dungeon Overview and Level Annotations

Branches:
Dungeon (2/15)

Altars:


Innate Abilities, Weirdness & Mutations

You cannot wear most types of armour.
You are amphibious.
You can wear up to eight rings at the same time.
Your skin changes colour to match your surroundings (Stealth+).
Your rubbery body absorbs attacks. (AC +1, EV +1)
((You are camouflaged near water. (Stealth+)))
You have tentacles for arms and can constrict up to eight enemies at once.


Message History

You feel sick. The quokka closely misses you. The quokka bites you.
* * * LOW HITPOINT WARNING * * *
Casting: Foxfire (safe; 11% risk of failure)
Confirm with . or Enter, or press ? or * to list all spells.
You conjure some foxfire!
You feel sick.
You are no longer poisoned.
The quokka bites you but does no damage.
Your foxfire dissipates!
The foxfire hits the quokka.
You kill the quokka!
Okay, then.
Unknown command.
Casting: Foxfire (safe; 11% risk of failure)
Confirm with . or Enter, or press ? or * to list all spells.
You conjure some foxfire!
Unknown command.
Your foxfire dissipates!
The foxfire hits the goblin.
The goblin is heavily wounded.
Casting: Foxfire (safe; 11% risk of failure)
Confirm with . or Enter, or press ? or * to list all spells.
You conjure some foxfire!
The foxfire hits the goblin.
The goblin is severely wounded.
Your foxfire dissipates!
The goblin shoots a stone.
The stone barely misses you.
Unknown command.
You see here 14 bolts.
Casting: Foxfire (safe; 11% risk of failure)
Confirm with . or Enter, or press ? or * to list all spells.
You conjure some foxfire!
Unknown command.
Your foxfire dissipates!
The foxfire hits the goblin.
You kill the goblin!
The goblin shoots a stone.
The stone hits you.
* * * LOW HITPOINT WARNING * * *
Things that are here:
a +0 dagger; a goblin corpse The goblin shoots a stone.
The stone hits you.
You die...

##. ###...# #..#
###...###
#..##...###
#....### ###..#
#..### ##.††.#
##.....#
###)@#...# ##.
#)(§##...###.....
###.####....†..#
###.g.# #)..#####
##...### #...#
####..### #...>#
#....## #....#
#.#### #[...#
#.....# ####..


You could see a goblin.

Vanquished Creatures
  An adder (D:2)
  A worm (D:2)
  A dart slug (D:1)
  4 bats
  4 endoplasms (D:1)
  A giant cockroach (D:1)
  4 goblins
  2 hobgoblins
  2 jackals (D:2)
  A quokka (D:2)
  A ball python (D:2)
  3 frilled lizards
  3 kobolds
  3 rats
31 creatures vanquished.

Vanquished Creatures (others)
  31 foxfires
31 creatures vanquished.

Grand Total: 62 creatures vanquished

Notes
Turn   | Place    | Note
-------+----------+-------------------------------------------
     0 | D:1      | omnomnOMINOUS the Octopode Wanderer began the quest for the
                  | Orb.
     0 | D:1      | omnomnOMINOUS set off with the following items: a +0 club,
                  | a scroll of teleportation, a +0 dagger; and the following
                  | spells available to memorise: Freeze, Scorch, Foxfire,
                  | Inner Flame, Frozen Ramparts, Conjure Flame, Flame Wave
     0 | D:1      | Reached XP level 1. HP: 11/11 MP: 1/1
   201 | D:1      | Reached XP level 2. HP: 5/18 MP: 3/3
   416 | D:1      | Learned a level 1 spell: Foxfire
   490 | D:1      | Reached skill level 1 in Spellcasting
  1480 | D:2      | Reached skill level 1 in Dodging
  1502 | D:2      | Reached skill level 1 in Fighting
  1502 | D:2      | Reached XP level 3. HP: 15/23 MP: 0/4
  1632 | D:2      | Reached skill level 1 in Conjurations
  1849 | D:2      | HP: 1/23 [goblin/stone (3)]
  1850 | D:2      | Shot with a stone by a goblin

Illustrated notes

Levels and vault maps discovered:
D:1:      lemuel_arrival_lava_pool, layout_basic
D:2:      layout_rooms, hellmonk_ecumenical_altar_crossroads, basic_altar

Skill      XL: |  1  2  3 |
---------------+----------+-----
Spellcasting   | 1 |  1.3
Dodging        | 1 |  1.2
Fighting       | 1 |  1.3
Conjurations   | 1 |  1.3
Stealth        | |  2.6
Hexes          | |  2.0
Transmutations | |  1.0
Fire Magic     | |  3.0
Ice Magic      | |  2.0

Action                   || total
-------------------------++-------
Melee: Dagger            ||    31
       Club              ||     2
       Constrict         ||    12
       Tentacles         ||     7
       Flail             ||    18
       Long sword        ||     4
 Cast: Foxfire           ||    22
 Stab: Sleeping          ||     5
Armor: Skin              ||     8
Dodge: Dodged            ||    37

Table legend: (Time is in decaauts)
 A = Elapsed time spent in this place.
 B = Non-inter-level travel time spent in this place.
 C = Inter-level travel time spent in this place.
 D = Time resting spent in this place.
 E = Time spent auto-exploring this place.
 F = Levels seen in this place.
 G = Mean time per level.
                   A        B        C        D        E       F      G
               +--------+--------+--------+--------+--------+-----+--------+
         Total |   1860 |   1850 |     10 |    369 |   1175 |   2 |  930.0 |
       Dungeon |   1860 |   1850 |     10 |    369 |   1175 |   2 |  930.0 |
               +--------+--------+--------+--------+--------+-----+--------+

Top non-repeatable levels by time:
     D:1: 1581 daAuts
     D:2: 279 daAuts
